 Dungeon Crawl Stone Soup version 0.29-a0-409-gd843f3a48c (webtiles) character file.

Game seed: 17219642533742387513

1174 happo123 the Digger (level 8, -2/38 HPs)
             Began as a Gargoyle Earth Elementalist on May 13, 2022.
             Was a Follower of Hepliaklqana.
             Slain by a yak (12 damage)
             ... on level 4 of the Dungeon.
             The game lasted 00:23:23 (4167 turns).

happo123 the Digger (Gargoyle Earth Elementalist)   Turns: 4167, Time: 00:23:25

Health: -2/38      AC: 12    Str: 11    XL:     8   Next: 41%
Magic:  12/16      EV: 11    Int: 25    God:    Hepliaklqana [*.....]
Gold:   219        SH:  0    Dex: 10    Spells: 11/17 levels left

rFire   . . .      SeeInvis .   o - +8 quarterstaff (chaos)
rCold   + . .      Faith    .   (shield currently unavailable)
rNeg    + . .      Spirit   .   l - +0 leather armour
rPois   ∞          Reflect  .   w - +0 helmet
rElec   +          Harm     .   p - +1 cloak
rCorr   .          Rampage  .   (no gloves)
Will    .....                   (no boots)
Stlth   ++........              (no amulet)
HPRegen 0.12/turn               v - +6 ring of intelligence
MPRegen 0.15/turn               x - ring of protection from cold

@: no status effects
A: reduced essence, sickness immunity, AC +5, negative energy resistance 1,
electricity resistance, torment resistance 1, petrification resistance
a: Renounce Religion, Recall Ancestor, Ancestor Identity


You were on level 4 of the Dungeon.
You worshipped Hepliaklqana.
Hepliaklqana was aware of your devotion.
You visited 1 branch of the dungeon, and saw 5 of its levels.

You collected 219 gold pieces.

Inventory:

Hand Weapons
 o - a +8 quarterstaff of chaos (weapon)
Missiles
 a - 59 stones
Armour
 b - a +0 robe
 l - a +0 leather armour (worn)
 p - a +1 cloak (worn)
 w - a +0 helmet (worn)
Jewellery
 v - a +6 ring of intelligence (left hand)
 x - a ring of protection from cold (right hand)
Wands
 r - a wand of paralysis (6)
Scrolls
 d - 2 scrolls of enchant armour
 e - 2 scrolls of fear
 h - 2 scrolls of noise {unknown}
 m - a scroll of blinking {unknown}
 s - a scroll of teleportation {unknown}
 u - a scroll of amnesia {unknown}
 y - a scroll of magic mapping {unknown}
Potions
 c - 2 potions of magic
 f - 4 potions of might {unknown}
 g - 4 potions of lignification {unknown}
 i - a potion of mutation {unknown}
 j - a potion of heal wounds {unknown}
 k - 2 potions of curing {unknown}
 n - a potion of ambrosia {unknown}
 q - a potion of flight {unknown}
 t - a potion of haste {unknown}
 z - a potion of invisibility


   Skills:
 + Level 1.4 Fighting
 + Level 2.8 Staves
 + Level 2.2 Armour
 + Level 2.3 Dodging
 + Level 3.3 Stealth
 + Level 5.4 Spellcasting
 + Level 2.2 Conjurations
 + Level 0.7 Transmutations
 + Level 7.5 Earth Magic


You had 11 spell levels left.
You knew the following spells:

 Your Spells              Type           Power      Damage    Failure   Level
a - Sandblast             Erth           88%        2d18      1%          1
b - Stone Arrow           Conj/Erth      62%        3d10      4%          3
c - Blink                 Tloc           12%        N/A       16%         2

Your spell library contained the following spells:

 Spells                   Type           Power      Damage    Failure   Level
 Passwall                 Tmut/Erth      22%        N/A       3%          2
 Petrify                  Tmut/Erth      27%        N/A       19%         4
 Mephitic Cloud           Conj/Pois/Air  10%        N/A       22%         3
 Leda's Liquefaction      Hex/Erth       12%        N/A       22%         4
 Ignite Poison            Fire/Tmut/Pois 8%         N/A       28%         3
 Call Canine Familiar     Summ           6%         N/A       30%         3
 Portal Projectile        Hex/Tloc       12%        N/A       30%         3
 Freezing Cloud           Conj/Ice/Air   5%         6-21      91%         5
 Manifold Assault         Tloc           6%         N/A       96%         5
 Summon Forest            Summ/Tloc      3%         N/A       96%         5
 Summon Mana Viper        Hex/Summ       6%         N/A       96%         5
 Summon Cactus Giant      Summ           3%         N/A       100%        6
 Storm Form               Tmut/Air       4%         N/A       100%        7


Dungeon Overview and Level Annotations

Branches:
Dungeon (5/15)
 Temple: D:4-7

Altars:
Dithmenos
Hepliaklqana
Makhleb

Shops:
D:2 :   D:3 ([![


Innate Abilities, Weirdness & Mutations

Your life essence is reduced to manifest your ancestor. (-10% HP)
You are immune to sickness and miasma.
Your stone body is resilient. (AC +5)
You are immune to poison.
You resist negative energy. (rN+)
You are resistant to electric shocks. (rElec)
You are resistant to unholy torment.
You are immune to petrification.


Message History

You kill the adder!
The adder bites you but does no damage.
You closely miss the adder. The adder misses you.
Casting: Sandblast (safe; 1% risk of failure)
Confirm with . or Enter, or press ? or * to list all spells.
Aiming: Stone Arrow (dangerous; 4% risk of failure)
Press: ? - help, Shift-Dir - straight line, f - yak
Aim: a yak (84% to hit)
The stone arrow hits the yak!
The yak is lightly wounded.
The adder bites you but does no damage.
Wystan misses the white imp.
The adder bites you but does no damage. The adder closely misses you.
The yak gores you!
Ancestor HP restored.
You climb upwards.
There is a stone staircase leading down here.
You barely miss the adder. The adder barely misses you. The yak gores you.
You hit the adder. You burn the adder.
The adder is heavily wounded.
The adder barely misses you. The yak gores you!
The adder bites you but does no damage.
You hit the adder.
The adder seems to speed up.
The adder is almost dead.
The adder barely misses you. The yak gores you but does no damage.
The adder bites you but does no damage.
You closely miss the adder.
The adder is almost dead.
The adder bites you but does no damage. x2; The yak gores you.
You thump the adder! You burn the adder.
You kill the adder!
The yak gores you.
* * * LOW HITPOINT WARNING * * *
The yak closely misses you. The yak attacks as you move away!
The yak gores you but does no damage.
Aiming: Sandblast (safe; 1% risk of failure)
Press: ? - help, Q - select action, (/) - cycle Shift-Dir - straight line, f - yak
Aim: a yak (lightly wounded, 90% to hit)
The blast of sand hits the yak!!
The yak is severely wounded.
The yak gores you!
You die...

####.######## #.##....# ##.##
#.####..# #...# #######.......#
#.#.# #.....#######.# #...#
#.....# #.# ##.## #.....# ####.#
######.#####.....# #....#
#.........##>.Y..# #.####
#.##.#.##.####@#### #.#
#.##...##.# #....###.#
#.##.#.##.####......#.#
#.##......#.......#.#.######### #
#......####.##.##.#.#.#.......# #
####.### #........#.#.#.#####.#
######)#####..##.##.#.#.#.#...#.#
..............##.##.....#.#......
#####.#######.........###.#...#.#


You could see a yak.

Vanquished Creatures
  Grinder (D:4)
  A water moccasin (D:5)
  The ghost of sirJeffrey23 the Chopper, an amateur HOMo of Beogh (D:3)
  An ogre (D:5)
  A phantom (D:5)
  A bullfrog (D:3)
  A necrophage (D:4)
  A wight (D:5)
  2 jellies
  Crazy Yiuf (D:2)
  An iguana (D:5)
  Jessica (D:2)
  Natasha (thrice) (D:2)
  Robin (D:4)
  4 gnolls (D:3)
  7 adders
  2 worms
  2 dart slugs (D:4)
  5 orcs
  2 bats
  4 endoplasms
  7 giant cockroaches
  11 goblins
  13 hobgoblins
  3 jackals (D:1)
  9 kobolds
  6 quokkas
  6 ball pythons
  A frilled lizard (D:1)
  3 rats
102 creatures vanquished.

Vanquished Creatures (others)
  2 ancestors (D:5)
2 creatures vanquished.

Grand Total: 104 creatures vanquished

Notes
Turn   | Place    | Note
-------+----------+-------------------------------------------
     0 | D:1      | happo123 the Gargoyle Earth Elementalist began the quest
                  | for the Orb.
     0 | D:1      | Reached XP level 1. HP: 10/10 MP: 3/3
    72 | D:1      | Reached skill level 4 in Earth Magic
   184 | D:1      | Reached XP level 2. HP: 15/15 MP: 1/5
   480 | D:1      | Found a faded altar of an unknown god.
   747 | D:1      | Reached XP level 3. HP: 18/19 MP: 3/6
   930 | D:2      | Noticed Natasha
  1101 | D:2      | Killed Natasha
  1102 | D:2      | Reached skill level 5 in Earth Magic
  1165 | D:2      | Learned a level 3 spell: Stone Arrow
  1227 | D:2      | Reached XP level 4. HP: 24/24 MP: 4/7
  1277 | D:2      | Noticed Jessica
  1284 | D:2      | Killed Jessica
  1434 | D:2      | Found Cugy's Book Shop.
  1559 | D:2      | Noticed Natasha
  1564 | D:2      | Killed Natasha
  1565 | D:2      | Reached XP level 5. HP: 28/28 MP: 2/9
  1581 | D:2      | Noticed Natasha
  1588 | D:2      | Killed Natasha
  1773 | D:2      | Found a runed translucent door.
  1774 | D:2      | Noticed Crazy Yiuf
  1779 | D:2      | Killed Crazy Yiuf
  1887 | D:3      | Reached XP level 6. HP: 32/32 MP: 0/12
  1892 | D:3      | Found Tigreob's Distillery.
  2056 | D:3      | Found a burning altar of Makhleb.
  2064 | D:3      | Found Ewanlipt's Weapon Boutique.
  2300 | D:3      | Found a runed translucent door.
  2302 | D:3      | Noticed sirJeffrey23's ghost (amateur HOMo)
  2312 | D:3      | Reached skill level 6 in Earth Magic
  2314 | D:3      | Reached skill level 1 in Staves
  2319 | D:3      | Killed sirJeffrey23's ghost
  2583 | D:3      | Found Gulywnag's Armour Emporium.
  2610 | D:3      | Found a shadowy altar of Dithmenos.
  2660 | D:3      | Found a hazy altar of Hepliaklqana.
  2669 | D:3      | Became a worshipper of Hepliaklqana the Forgotten
  2704 | D:3      | Found Qeyhunk's Armour Shoppe.
  2809 | D:4      | Reached XP level 7. HP: 33/37 MP: 13/13
  2914 | D:4      | Noticed Grinder
  2923 | D:4      | Killed Grinder
  2924 | D:4      | Reached skill level 1 in Fighting
  2924 | D:4      | Reached skill level 1 in Armour
  3430 | D:4      | Noticed Robin
  3455 | D:4      | Killed Robin
  3551 | D:4      | Reached skill level 5 in Spellcasting
  3551 | D:4      | Reached skill level 1 in Conjurations
  3777 | D:4      | Learned a level 2 spell: Blink
  3778 | D:5      | Entered Level 5 of the Dungeon
  3793 | D:5      | Reached * piety under Hepliaklqana
  3801 | D:5      | Reached XP level 8. HP: 33/38 MP: 9/15
  3806 | D:5      | Reached skill level 7 in Earth Magic
  3924 | D:5      | Noticed a yak
  4141 | D:5      | Noticed a yak
  4167 | D:4      | Slain by a yak

Illustrated notes

Levels and vault maps discovered:
D:1:      onia_arrival_mini_spirals, layout_basic,
          hellmonk_ecumenical_altar_inner_sanctum, hangedman_glass_teeth
D:2:      layout_rooms, serial_shops, shop, uniq_crazy_yiuf_cottage,
          uniq_natasha, uniq_jessica
D:3:      layout_rooms, mainiacjoe_overflow_surrounded_room,
          mainiacjoe_overflow_catch_the_wave, ebering_ghost_sewer_d,
          serial_shops, nicolae_shop_temple_entry_statues_fountains,
          nicolae_shop_behind_doors, shop_statue, shop, grunt_ministairs_2,
          st_stairs_7
D:4:      layout_loops_cross, uniq_robin, uniq_grinder
D:5:      cheibrodos_fzero, layout_basic, lightli_temple_of_fire,
          minmay_shop_grid_forest, uniq_edmund

Skill      XL: |  1  2  3  4  5  6  7  8 |
---------------+-------------------------+-----
Earth Magic    | 4 5 6 7 |  7.5
Spellcasting   | 3 4 5 |  5.4
Staves         | 1 2 |  2.8
Dodging        | 2 |  2.3
Fighting       | 1 |  1.4
Armour         | 2 |  2.2
Stealth        | 3 |  3.3
Conjurations   | 1 2 |  2.2
Transmutations | |  0.7

Action                   |  1- 3 |  4- 6 |  7- 9 || total
-------------------------+-------+-------+-------++-------
Melee: Unarmed           |    15 |       |       ||    15
       Quarterstaff      |       |    30 |    37 ||    67
 Cast: Sandblast         |    43 |    37 |    29 ||   109
       Stone Arrow       |       |     9 |    18 ||    27
  Use: Scroll            |       |       |     6 ||     6
 Stab: Sleeping          |       |     2 |     1 ||     3
Armor: Robe              |    12 |       |       ||    12
       Leather armour    |       |    20 |    32 ||    52
Dodge: Dodged            |    18 |    26 |    42 ||    86

Table legend: (Time is in decaauts)
 A = Elapsed time spent in this place.
 B = Non-inter-level travel time spent in this place.
 C = Inter-level travel time spent in this place.
 D = Time resting spent in this place.
 E = Time spent auto-exploring this place.
 F = Levels seen in this place.
 G = Mean time per level.
                   A        B        C        D        E       F      G
               +--------+--------+--------+--------+--------+-----+--------+
         Total |   4195 |   3689 |    506 |    771 |   2217 |   5 |  839.0 |
       Dungeon |   4195 |   3689 |    506 |    771 |   2217 |   5 |  839.0 |
               +--------+--------+--------+--------+--------+-----+--------+

Top non-repeatable levels by time:
     D:4: 1199 daAuts
     D:1: 1092 daAuts
     D:3: 900 daAuts
     D:2: 779 daAuts
     D:5: 223 daAuts
